 Dungeon Crawl Stone Soup version 0.29-a0-1006-g0dd7720b37 (webtiles) character file.

Game seed: 16826985621460701460

2155 xian the Ducker (level 9, 0/74 HPs)
             Began as a Grey Draconian Fighter on Aug 6, 2022.
             Was a Priest of Okawaru.
             Succumbed to a killer bee's poison
             ... on level 7 of the Dungeon.
             The game lasted 00:15:51 (4830 turns).

xian the Ducker (Grey Draconian Fighter)            Turns: 4830, Time: 00:15:52

Health: 0/74       AC: 14    Str: 20    XL:     9   Next: 10%
Magic:  8/10       EV: 16    Int: 10    God:    Okawaru [***...]
Gold:   232        SH:  0    Dex: 12    Spells: 8/8 levels left

rFire   . . .      SeeInvis .   l - +3 dagger (elec)
rCold   . . .      Faith    .   (no shield)
rNeg    . . .      Spirit   .   (body armour unavailable)
rPois   .          Reflect  .   (helmet restricted)
rElec   .          Harm     .   (no cloak)
rCorr   .          Rampage  .   (no gloves)
Will    +....                   r - +1 pair of boots
Stlth   +++.......              (no amulet)
HPRegen 0.22/turn               m - +4 ring of slaying
MPRegen 0.12/turn               o - ring of willpower

@: lethally poisoned (0 -> -10), heroic
A: AC +12, amphibious, unfitting armour, cold-blooded
a: Renounce Religion, Heroism


You were on level 7 of the Dungeon.
You worshipped Okawaru.
Okawaru was most pleased with you.
You visited 2 branches of the dungeon, and saw 7 of its levels.

You collected 309 gold pieces.
You spent 77 gold pieces at shops.

Inventory:

Hand Weapons
 l - a +3 dagger of electrocution (weapon)
 n - a +2 shortbow of freezing
Missiles
 p - a throwing net
 s - 4 datura-tipped darts (quivered)
Armour
 b - a +1 buckler
 r - a +1 pair of boots (worn)
Jewellery
 m - a +4 ring of slaying (left hand)
 o - a ring of willpower (right hand)
 u - a +4 ring of evasion
 y - a +6 ring of strength
Scrolls
 d - 4 scrolls of teleportation
 f - a scroll of fear
 g - a scroll of amnesia
 i - a scroll of summoning
 j - a scroll of immolation
 k - 2 scrolls of poison
 t - a scroll of fog
 w - a scroll of identify
 x - 2 scrolls of enchant weapon
 A - a scroll of torment {unknown}
Potions
 a - 3 potions of degeneration {unknown}
 c - a potion of might
 e - a potion of mutation {unknown}
 h - a potion of flight {unknown}
 q - 2 potions of haste
 v - 2 potions of heal wounds {unknown}
 z - a potion of curing {unknown}
 B - a potion of experience {unknown}


   Skills:
 + Level 5.4(10.4) Fighting
 + Level 5.3(10.3) Short Blades
 + Level 3.2(8.6) Axes
 + Level 2.2(8.1) Maces & Flails
 * Level 4.1(9.1) Ranged Weapons
 + Level 6.1(11.1) Dodging
 + Level 2.3(7.3) Stealth
 + Level 4.9(9.9) Shields
 + Level 1.7 Invocations


You had 8 spell levels left.
You didn't know any spells.
Your spell library contained the following spells:

 Spells                   Type           Power      Damage    Failure   Level
 Magic Dart               Conj           0%         1d3       36%         1
 Blink                    Tloc           0%         N/A       50%         2
 Searing Ray              Conj           0%         2d4       50%         2
 Lesser Beckoning         Tloc           0%         N/A       75%         3
 Fulminant Prism          Conj/Hex       0%         3d6       98%         4
 Manifold Assault         Tloc           0%         N/A       100%        5


Dungeon Overview and Level Annotations

Branches:
Dungeon (7/15)             Temple (1/1) D:4

Altars:
Elyvilon
Gozag
Hepliaklqana
Nemelex Xobeh
Okawaru
Qazlal
Uskayaw
Wu Jian
The Shining One

Shops:
D:2 ?


Innate Abilities, Weirdness & Mutations

Your dull iron-grey scales are very hard. (AC +12)
You are amphibious.
You cannot fit into any form of body armour.
You are cold-blooded and may be slowed by cold attacks.


Message History

A killer bee comes into view.
The killer bee stings you but does no damage.
The killer bee attacks as you move away!
The killer bee stings you but does no damage.
The killer bee misses you.
The killer bee attacks as you move away!
The killer bee misses you.
The killer bee stings you but does no damage.
The killer bee stings you but does no damage.
The killer bee stings you.
* * * LOW HITPOINT WARNING * * *
You gain the combat prowess of a mighty hero.
The killer bee closely misses you. x2
The killer bee stings you but does no damage.
The killer bee misses you.
Your +2 shortbow of freezing stops glowing.
You hear the crackle of electricity.
l - a +3 dagger of electrocution (weapon)
The killer bee closely misses you.
The killer bee stings you but does no damage.
The killer bee misses you.
The killer bee attacks as you move away!
The killer bee barely misses you.
The killer bee attacks as you move away!
The killer bee stings you.
* * * LOW HITPOINT WARNING * * *
You are poisoned.
The killer bee poisons you!
You feel sick. The killer bee closely misses you.
The killer bee attacks as you move away!
The killer bee barely misses you.
You feel sick. The killer bee barely misses you. The killer bee misses you.
The killer bee attacks as you move away!
The killer bee closely misses you.
You feel sick. The killer bee closely misses you. The killer bee stings you.
* * * LOW HITPOINT WARNING * * *
You are more poisoned.
The killer bee poisons you!
The killer bee attacks as you move away!
The killer bee stings you but does no damage.
You die...

8...8...#.#.....###.......#
..8.....#.......#.........#
.......###.........#......#
......# #........##......#
#._.#. #(.....### ......#
...... #..y...# .y..y.#
###### ##..yy..# ......#
#..).####


yy..... #.[@.###### #.......... #..[..##### #....## ##.<.# #...# #.### .. .##
You could see 3 killer bees.

Vanquished Creatures
  Pikel (D:7)
  2 ice beasts
  A sky beast (D:6)
  An orc warrior (D:5)
  A black bear (D:6)
  A centaur (D:4)
  An ogre (D:4)
  A lemure (D:7)
  A bullfrog (D:6)
  Blork the orc (D:6)
  A necrophage (D:5)
  2 scorpions
  5 killer bees (D:6)
  A howler monkey (D:6)
  5 hounds
  2 orc priests
  An orc wizard (D:5)
  2 iguanas
  4 gnolls (D:5)
  8 adders
  A white imp (D:5)
  An ufetubus (D:5)
  2 dart slugs
  13 orcs
  8 bats
  4 endoplasms
  6 giant cockroaches
  6 goblins
  4 hobgoblins
  15 jackals (D:1)
  7 kobolds
  2 quokkas
  5 ball pythons
  A frilled lizard (D:2)
  5 rats
122 creatures vanquished.

Notes
Turn   | Place    | Note
-------+----------+-------------------------------------------
     0 | D:1      | xian the Draconian Fighter began the quest for the Orb.
     0 | D:1      | Reached XP level 1. HP: 19/19 MP: 1/1
   162 | D:1      | Reached XP level 2. HP: 23/26 MP: 2/2
   391 | D:1      | Reached skill level 3 in Dodging
   495 | D:1      | Reached XP level 3. HP: 31/31 MP: 1/3
   628 | D:1      | Reached skill level 1 in Axes
  1067 | D:2      | Found a glowing golden altar of the Shining One.
  1185 | D:2      | Found Zeafiuw's Magic Scroll Emporium.
  1206 | D:2      | Bought a scroll of identify for 22 gold pieces
  1206 | D:2      | Bought a scroll of identify for 22 gold pieces
  1206 | D:2      | Bought a scroll of teleportation for 33 gold pieces
  1310 | D:2      | You fall into a shaft and drop 2 floors!
  1315 | D:4      | Found a staircase to the Ecumenical Temple.
  1330 | D:4      | Reached XP level 4. HP: 34/40 MP: 4/4
  1338 | Temple   | Entered the Ecumenical Temple
  1433 | Temple   | Became a worshipper of Warmaster Okawaru
  1748 | D:4      | Noticed a scorpion
  1758 | D:4      | Killed a scorpion
  1759 | D:4      | Reached skill level 1 in Short Blades
  1759 | D:4      | Reached XP level 5. HP: 39/46 MP: 5/5
  1803 | D:4      | Noticed a centaur
  1808 | D:4      | Killed a centaur
  1857 | D:4      | Reached * piety under Okawaru
  1858 | D:4      | Reached skill level 4 in Dodging
  1992 | D:4      | Found a hazy altar of Hepliaklqana.
  2100 | D:4      | Noticed an ogre
  2109 | D:4      | Killed an ogre
  2110 | D:4      | Reached skill level 1 in Stealth
  2110 | D:4      | Reached XP level 6. HP: 52/52 MP: 3/6
  2258 | D:5      | Entered Level 5 of the Dungeon
  2634 | D:5      | Your scales start taking on a dull iron-grey colour.
  2634 | D:5      | Reached XP level 7. HP: 60/60 MP: 7/7
  2638 | D:5      | Found a sparkling altar of Nemelex Xobeh.
  2778 | D:5      | Reached skill level 1 in Invocations
  2928 | D:5      | Reached ** piety under Okawaru
  3267 | D:5      | Reached skill level 5 in Dodging
  3412 | D:5      | Found an opulent altar of Gozag.
  3421 | D:5      | Found a white marble altar of Elyvilon.
  3515 | D:5      | Found an ornate altar of the Wu Jian Council.
  3608 | D:6      | Reached XP level 8. HP: 7/67 MP: 9/9
  4157 | D:6      | Reached skill level 5 in Fighting
  4301 | D:6      | Noticed Blork the orc
  4309 | D:6      | Killed Blork the orc
  4310 | D:6      | Reached skill level 1 in Ranged Weapons
  4389 | D:6      | Reached *** piety under Okawaru
  4454 | D:6      | Reached skill level 5 in Short Blades
  4765 | D:7      | Noticed Pikel
  4787 | D:7      | Killed Pikel
  4788 | D:7      | Reached skill level 6 in Dodging
  4788 | D:7      | Reached XP level 9. HP: 10/74 MP: 7/10
  4805 | D:7      | Found a hide-covered altar of Uskayaw.
  4806 | D:7      | Noticed a two-headed ogre
  4829 | D:7      | HP: 2/74 [killer bee (4)]
  4830 | D:7      | Succumbed to a killer bee's poison

Illustrated notes

Levels and vault maps discovered:
D:1:      zelgadis_glass_arrival_small, layout_loops_ring
D:2:      layout_rooms, basic_altar, serial_shops, shop,
          chequers_serial_rivers_small_a
D:4:      layout_loops_cross, mainiacjoe_overflow_cross_hatched,
          minmay_temple_entry_junction, minmay_ruptured
D:5:      layout_loops_ring, nicolae_overflow_crystal_walls,
          mainiacjoe_overflow_big_doors, nzn_wu_jian_council_hall,
          guppyfry_early_orc_mine
D:6:      layout_loops_ring, uniq_blork_the_orc
D:7:      layout_rooms, palyth_temple_overflow_mages, zin_scriptorium,
          nicolae_uskayaw_dance_hall, doesnt_xom_only_xom, enter_ossuary_2,
          chequers_serial_rivers_marsh, uniq_crazy_yiuf_cottage, uniq_duvessa,
          uniq_pikel, uniq_maggie
Temple:   nicolae_temple_superstar

Skill      XL: |  1  2  3  4  5  6  7  8 |
---------------+-------------------------+-----
Dodging        | 3 4 5 6 |  6.1
Axes           | 1 2 3 |  3.2
Short Blades   | 1 2 4 5 |  5.3
Fighting       | 4 5 |  5.4
Stealth        | 1 2 |  2.3
Invocations    | 1 |  1.7
Shields        | 4 |  4.9
Ranged Weapons | 4 |  4.1
Maces & Flails | |  2.2

Action                   |  1- 3 |  4- 6 |  7- 9 || total
-------------------------+-------+-------+-------++-------
Melee: Flail             |    26 |       |       ||    26
       Tailslap          |    18 |    10 |    19 ||    47
       Hand axe          |    73 |       |       ||    73
       Dagger            |    34 |    64 |   162 ||   260
 Fire: Shortbow          |       |       |    29 ||    29
Throw: Throwing net      |       |     1 |       ||     1
Invok: Heroism           |       |     1 |     2 ||     3
  Use: Scroll            |     3 |     6 |     2 ||    11
       Potion            |       |       |     1 ||     1
 Stab: Sleeping          |       |     1 |       ||     1
Armor: Skin              |    58 |    18 |    90 ||   166
Dodge: Dodged            |   108 |    30 |   143 ||   281
Block: Buckler           |    38 |    19 |    28 ||    85

Table legend: (Time is in decaauts)
 A = Elapsed time spent in this place.
 B = Non-inter-level travel time spent in this place.
 C = Inter-level travel time spent in this place.
 D = Time resting spent in this place.
 E = Time spent auto-exploring this place.
 F = Levels seen in this place.
 G = Mean time per level.
                   A        B        C        D        E       F      G
               +--------+--------+--------+--------+--------+-----+--------+
         Total |   4819 |   4679 |    140 |     28 |   3420 |   7 |  688.4 |
       Dungeon |   4694 |   4601 |     93 |     28 |   3350 |   6 |  782.3 |
        Temple |    124 |     77 |     47 |      0 |     70 |   1 |  124.0 |
               +--------+--------+--------+--------+--------+-----+--------+

Top non-repeatable levels by time:
     D:5: 1286 daAuts
     D:6: 1184 daAuts
     D:1: 1082 daAuts
     D:4: 822 daAuts
     D:2: 255 daAuts
  Temple: 124 daAuts
     D:7: 63 daAuts
